 Dungeon Crawl Stone Soup version 0.30.1-3-gfc49f6343a (webtiles) character file.

Game seed: 15247971753110189541

2128 Fodor the Cleaver (level 9, 0/75 HPs)
             Began as a Minotaur Fighter on Aug 1, 2023.
             Was an Initiate of Gozag.
             Slain by an orc warrior
             ... wielding a +0 short sword of venom
              (6 damage)
             ... on level 7 of the Dungeon.
             The game lasted 00:36:59 (7171 turns).

Fodor the Cleaver (Minotaur Fighter)                Turns: 7171, Time: 00:37:03

Health: 0/75       AC: 16    Str: 25    XL:     9   Next: 8%
Magic:  8/8        EV:  9    Int:  5    God:    Gozag
Gold:   407        SH:  5    Dex: 10    Spells: 8/8 levels left

rFire   . . .        m - +0 war axe
rCold   . . .        c - +0 buckler
rNeg    . . .        i - +0 chain mail
rPois   +            (helmet restricted)
rElec   .            (no cloak)
rCorr   .            (no gloves)
SInv    .            b - +0 pair of boots
Will    .....        (no amulet) Stlth
                     j - +4 ring of protection
HPRegen 0.32/turn    q - ring of poison resistance
MPRegen 0.11/turn

%: no passive effects
@: lethally poisoned (0 -> -2), gold aura, very slow
A: horns 2, retaliatory headbutt
a: Renounce Religion, Potion Petition, Call Merchant, Bribe Branch


You were on level 7 of the Dungeon.
You worshipped Gozag.
Gozag was aware of your devotion.
You visited 2 branches of the dungeon, and saw 8 of its levels.
You also visited: Ossuary.

You collected 1161 gold pieces.
You spent 742 gold pieces at shops.
You paid 12 gold pieces to Gozag.

Inventory:

Hand Weapons
 m - a +0 war axe (weapon)
 u - a +0 shortbow
 K - a +0 battleaxe
Missiles
 a - 8 poisoned darts
 x - 5 boomerangs (quivered)
Armour
 b - a +0 pair of boots (worn)
 c - a +0 buckler (worn)
 i - a +0 chain mail (worn)
Jewellery
 j - a +4 ring of protection (left hand)
 q - a ring of poison resistance (right hand)
 t - a +6 ring of intelligence
 y - a ring of protection from fire
 I - a ring of flight
 N - an amulet of magic regeneration
Wands
 r - a wand of mindburst (3)
 L - a wand of roots (10)
Scrolls
 e - 4 scrolls of vulnerability {unknown}
 h - 4 scrolls of poison
 k - 3 scrolls of immolation
 n - 5 scrolls of magic mapping {unknown}
 o - 4 scrolls of identify
 p - 2 scrolls of amnesia
 v - a scroll of teleportation {unknown}
 B - 3 scrolls of fog
 C - a scroll of acquirement {unknown}
 E - 2 scrolls of enchant armour {unknown}
 F - a scroll of fear {unknown}
 M - a scroll of summoning {unknown}
 O - a scroll of noise {unknown}
Potions
 d - 4 potions of might
 f - 2 potions of mutation {unknown}
 g - 2 potions of attraction {unknown}
 l - 14 potions of curing
 s - 2 potions of flight
 w - 2 potions of invisibility {unknown}
 z - 2 potions of resistance {unknown}
 A - 5 potions of heal wounds
 D - 4 potions of haste
 G - a potion of cancellation {unknown}
 H - 2 potions of brilliance {unknown}
 J - 2 potions of degeneration {unknown}
 P - 3 potions of lignification {unknown}


   Skills:
 + Level 5.9 Fighting
 + Level 4.3 Long Blades
 + Level 8.4 Axes
 + Level 1.1 Throwing
 + Level 8.3 Armour
 + Level 3.3 Dodging
 + Level 1.3 Stealth
 + Level 5.5 Shields


You had 8 spell levels left.
You didn't know any spells.
Your spell library contained the following spells:

 Spells                   Type           Power      Damage    Failure   Level
 Shock                    Conj/Air       0%         1d3       95%         1
 Poisonous Vapours        Pois/Air       0%         N/A       99%         2
 Mephitic Cloud           Conj/Pois/Air  0%         N/A       100%        3
 Tukima's Dance           Hex            0%         N/A       100%        3
 Passage of Golubria      Tloc           0%         N/A       100%        4
 Freezing Cloud           Conj/Ice/Air   0%         6-21      100%        5
 Yara's Violent Unravell  Hex/Tmut       0%         3d3       100%        5
 Chain Lightning          Conj/Air       0%         N/A       100%        9
 Fire Storm               Conj/Fire      0%         5d1       100%        9
 Shatter                  Erth           0%         3d5*      100%        9


Dungeon Overview and Level Annotations

Branches:
Dungeon (7/15)             Temple (1/1) D:4         Ossuary (visited)

Altars:
Dithmenos
Gozag
Okawaru
Xom
Yredelemnul

Shops:
D:6 !   D:7 [


Innate Abilities, Weirdness & Mutations

You have a pair of horns on your head.
You reflexively headbutt those who attack you in melee.


Message History

The orc warrior hits you but does no damage.
Your unstable footing causes you to fumble your attack.
The hornet closely misses you. You furiously retaliate!
You headbutt the hornet.
The orc warrior hits you with a +0 short sword of venom!
You block the hornet's attack.
Your unstable footing causes you to fumble your attack.
A nearby plant withers and dies.
The hornet stings you but does no damage.
The orc warrior splashes around in the water.
The hornet closely misses you. You furiously retaliate!
You headbutt the hornet!
Your unstable footing causes you to fumble your attack.
The electric eel is no longer distracted by gold.
The orc warrior hits you but does no damage.
You are poisoned.
You block the hornet's attack.
The electric eel shoots out a bolt of lightning at you!
The bolt of electricity hits you.
* * * LOW HITPOINT WARNING * * *
The orc warrior splashes around in the water.
The hornet stings you.
* * * LOW HITPOINT WARNING * * *
Your unstable footing causes you to fumble your attack.
You feel sick. You block the hornet's attack.
The electric eel is distracted by your dazzling golden aura.
The orc warrior splashes around in the water.
Your unstable footing causes you to fumble your attack.
You feel sick.
The hornet stings you but does no damage.
The orc warrior splashes around in the water.
The hornet stings you!
* * * LOW HITPOINT WARNING * * *
Your unstable footing causes you to fumble your attack.
You feel sick. The hornet barely misses you. You furiously retaliate!
You headbutt the hornet!
You kill the hornet!
The orc warrior hits you with a +0 short sword of venom.
You die...
Your body crumbles into a pile of gold.

###.♣...##
#.P.~~♣..
#.~♣~~.~##
##P~.~.~~P#
#..~~~≈~..#
#..~.~≈~~.#
#...oS~~~♣#
#.♣~$@≈~~.#
#...~~~~~## ##.#
#..♣~.~~~P#####..#
#....~~~P.#.....##
##.....P.........##
#................#
##...............#
#.........'''...#
#)........'∩'...##


You could see an orc warrior and an electric eel.

Vanquished Creatures
  A hornet (D:7)
  A wraith (Ossuary)
  A sky beast (D:7)
  Duvessa (D:7)
  2 orc warriors
  A black bear (D:4)
  An ice beast (D:7)
  A centaur (D:6)
  A bullfrog (D:7)
  A scorpion (D:6)
  3 wights (D:7)
  Dowan (D:7)
  An electric eel (D:6)
  4 hounds (D:6)
  5 orc priests
  A jelly (D:7)
  3 iguanas
  Natasha (thrice) (D:2)
  A sleepcap (D:7)
  7 orc wizards
  Terence (D:2)
  3 mummies (Ossuary)
  9 gnolls
  5 adders
  2 ufetubi
  3 worms
  38 orcs
  9 ball pythons
  3 endoplasms
  2 giant cockroaches
  9 hobgoblins
  9 jackals
  9 quokkas
  6 bats
  A frilled lizard (D:3)
  9 goblins
  2 goblin zombies (Ossuary)
  4 hobgoblin zombies (Ossuary)
  6 kobolds
  2 kobold zombies (Ossuary)
  8 rats
180 creatures vanquished.

Notes
Turn   | Place    | Note
-------+----------+-------------------------------------------
     0 | D:1      | Fodor the Minotaur Fighter began the quest for the Orb.
     0 | D:1      | Reached XP level 1. HP: 19/19 MP: 0/0
   212 | D:1      | Reached XP level 2. HP: 27/27 MP: 1/1
   462 | D:1      | Got Kogouve's Encyclopedia of Electrocution and
                  | Spellbinding
   981 | D:2      | Reached XP level 3. HP: 32/33 MP: 2/2
  1032 | D:2      | Noticed Terence
  1042 | D:2      | Killed Terence
  1243 | D:2      | Noticed Natasha
  1246 | D:2      | Killed Natasha
  1247 | D:2      | Reached XP level 4. HP: 38/41 MP: 3/3
  1487 | D:2      | Reached skill level 1 in Dodging
  1689 | D:2      | Noticed Natasha
  1712 | D:2      | Killed Natasha
  1726 | D:2      | Noticed Natasha
  1731 | D:2      | Killed Natasha
  1732 | D:2      | Reached XP level 5. HP: 38/47 MP: 4/4
  1808 | D:2      | Found an opulent altar of Gozag.
  1818 | D:2      | Became a worshipper of Gozag Ym Sagoz the Greedy
  2472 | D:4      | Found a staircase to the Ecumenical Temple.
  2490 | D:4      | Reached skill level 5 in Armour
  2496 | D:4      | Reached skill level 1 in Axes
  2508 | D:4      | Reached XP level 6. HP: 43/53 MP: 5/5
  2542 | Temple   | Entered the Ecumenical Temple
  2641 | D:4      | Found a basalt altar of Yredelemnul.
  4115 | D:5      | Entered Level 5 of the Dungeon
  4394 | D:5      | Reached skill level 5 in Shields
  4394 | D:5      | Reached XP level 7. HP: 34/60 MP: 6/6
  4552 | D:5      | Reached skill level 1 in Stealth
  4758 | D:5      | Found an iron altar of Okawaru.
  4959 | D:6      | Reached skill level 5 in Fighting
  4959 | D:6      | Reached skill level 5 in Axes
  5271 | D:6      | Reached XP level 8. HP: 59/68 MP: 7/7
  5332 | D:6      | Found Pisoo's Distillery.
  5343 | D:6      | Bought a potion of curing for 42 gold pieces
  5343 | D:6      | Bought a potion of heal wounds for 70 gold pieces
  5343 | D:6      | Bought 2 potions of curing for 84 gold pieces
  5343 | D:6      | Bought a potion of haste for 140 gold pieces
  5343 | D:6      | Bought a potion of haste for 140 gold pieces
  5343 | D:6      | Bought a potion of heal wounds for 70 gold pieces
  5343 | D:6      | Bought a potion of flight for 42 gold pieces
  5343 | D:6      | Bought a potion of heal wounds for 70 gold pieces
  5343 | D:6      | Bought 2 potions of curing for 84 gold pieces
  6110 | D:7      | Reached skill level 1 in Throwing
  6253 | D:7      | Found a sand-covered staircase.
  6281 | Ossuary  | Entered an ossuary
  7096 | D:7      | Noticed Dowan
  7100 | D:7      | Noticed Duvessa
  7109 | D:7      | Killed Duvessa
  7110 | D:7      | Reached XP level 9. HP: 75/75 MP: 8/8
  7110 | D:7      | Killed Dowan
  7122 | D:7      | Found Nuotil's Antique Armour Boutique.
  7171 | D:7      | Slain by an orc warrior

Illustrated notes

Levels and vault maps discovered:
D:1:      dpeg_arrival_rhombi, layout_basic, roderic_lattice_a,
          serial_park_tiny_2
D:2:      minmay_door_path, layout_loops_ring, basic_altar, uniq_terence,
          uniq_natasha
D:3:      layout_rooms
D:4:      wad_woods_stonehenge, layout_basic, minmay_temple_entry_slanted
D:5:      layout_cave_pools, okawaru_gym_becter
D:6:      layout_loops_ring, serial_shops, nicolae_shop_industrial_runoff,
          kennysheep_generic_room_2
D:7:      layout_rooms, mainiacjoe_overflow_alcove_3, grunt_gozag_statues,
          chequers_ossuary_entry_cave, serial_shops,
          nicolae_shop_tiny_real_fake_doors, serial_bayou_pond_b, uniq_duvessa
Temple:   hellmonk_temple_of_storms

Skill      XL: |  1  2  3  4  5  6  7  8 |
---------------+-------------------------+-----
Fighting       | 4 5 |  5.9
Armour         | 4 5 6 8 |  8.3
Shields        | 4 5 |  5.5
Long Blades    | 3 4 |  4.3
Dodging        | 1 2 3 |  3.3
Axes           | 1 3 5 8 |  8.4
Stealth        | 1 |  1.3
Throwing       | 1 |  1.1

Action                     |  1- 3 |  4- 6 |  7- 9 || total
---------------------------+-------+-------+-------++-------
  Melee: Long sword        |    90 |    16 |       ||   106
         Headbutt          |    10 |    46 |    32 ||    88
         War axe           |       |   206 |   179 ||   385
  Throw: Dart              |       |     2 |     4 ||     6
         Boomerang         |       |       |     7 ||     7
         Throwing net      |       |       |     1 ||     1
    Use: Scroll            |       |     4 |     1 ||     5
   Stab: Distracted        |       |       |     1 ||     1
 Armour: Scale mail        |    44 |       |       ||    44
         Chain mail        |     3 |   120 |   134 ||   257
  Dodge: Dodged            |    49 |   100 |    86 ||   235
  Block: Buckler           |    23 |    57 |    47 ||   127
